[Event "ICC tourney 2816 (20 5)"]
[Site "Internet Chess Club"]
[Date "2022.02.05"]
[Round "4"]
[White "GAW, ZACHARY:zman-g"]
[Black "HONG, HUNTER:hunterhong"]
[Result "0-1"]
[ICCResult "White checkmated"]
[WhiteElo "1013"]
[BlackElo "947"]
[Opening "Giuoco Piano"]
[ECO "C50"]
[NIC "IG.02"]
[Time "15:30:09"]
[PlyCount "114"]
[TimeControl "1200+5"]

1. e4 e5 2. Nf3 Nc6 3. Bc4 Bc5 4. O-O Nf6 5. Nc3 O-O 6. d3 h6 7. Be3 Bb6 8.
Qd2 Ng4 9. h3 Nxe3 10. fxe3 d6 11. Rae1 Qf6 12. Re2 Qg6 13. Ref2 Bxh3 14.
Nh4 Qg3 15. Bxf7+ Rxf7 16. Rf3 Rxf3 17. Rxf3 Qxh4 18. Rxh3 Qg5 19. Qf2 Rf8
20. Qe1 Rf4 21. Rg3 Rg4 22. Rxg4 Qxg4 23. a3 h5 24. Nd5 h4 25. Qf2 Bc5 26.
b4 Bb6 27. Nc3 h3 28. Nd5 Qg5 29. Kf1 hxg2+ 30. Qxg2 Qxg2+ 31. Kxg2 Kf7 32.
Kf3 Ne7 33. Nc3 Kf6 34. Ke2 g5 35. Nd5+ Nxd5 36. exd5 Kf5 37. Kf3 g4+ 38.
Kf2 e4 39. dxe4+ Kxe4 40. Kg3 Bxe3 41. Kxg4 Kxd5 42. Kf3 Bc1 43. a4 Kc4 44.
Ke2 Kxb4 45. Kd1 Bf4 46. Ke2 Kxa4 47. Kd3 Kb4 48. Kd4 a5 49. Kd3 d5 50. c3+
Kb3 51. Kd4 Be5+ 52. Kd3 Bxc3 53. Ke2 Be1 54. Kd1 a4 55. Kc1 a3 56. Kb1 a2+
57. Ka1 Bc3# {White checkmated} 0-1

[Event "ICC tourney 2816 (20 5)"]
[Site "Internet Chess Club"]
[Date "2022.02.05"]
[Round "5"]
[White "WU, DARREN:chessboy111"]
[Black "DAWDA, MAADHAV:maadhavd"]
[Result "1-0"]
[ICCResult "Black checkmated"]
[WhiteElo "724"]
[BlackElo "856"]
[Opening "Scotch gambit"]
[ECO "C44"]
[NIC "SO.06"]
[Time "17:00:03"]
[PlyCount "55"]
[TimeControl "1200+5"]

1. e4 e5 2. Nf3 Nc6 3. d4 exd4 4. Bc4 Bc5 5. O-O Nge7 6. c3 dxc3 7. Ng5 O-O
8. Qh5 h6 9. Nxf7 Rxf7 10. Bxf7+ Kf8 11. Bb3 d5 12. exd5 Qe8 13. Qxe8+ Kxe8
14. dxc6 Nxc6 15. Nxc3 Nd4 16. Bf4 c6 17. Rfe1+ Kd7 18. Rad1 b6 19. Be3 Kc7
20. Bxd4 Bxd4 21. Rxd4 c5 22. Re7+ Kc6 23. Rd2 b5 24. Bd5+ Kb6 25. Bxa8 b4
26. Rd6+ Ka5 27. Rxa7+ Ba6 28. Raxa6# {Black checkmated} 1-0

[Event "ICC tourney 2816 (20 5)"]
[Site "Internet Chess Club"]
[Date "2022.02.05"]
[Round "5"]
[White "Gomorev, Tim:timmygm"]
[Black "XIA, CHENXIANG:tery0310"]
[Result "1-0"]
[ICCResult "Black checkmated"]
[WhiteElo "1083"]
[BlackElo "1077"]
[Opening "Old Benoni defense"]
[ECO "A43"]
[NIC "OI.09"]
[Time "17:01:34"]
[PlyCount "73"]
[TimeControl "1200+5"]

1. d4 c5 2. Nf3 Nc6 3. d5 Nb8 4. c4 Nf6 5. g3 e6 6. dxe6 fxe6 7. Bg2 Nc6 8.
O-O Be7 9. Bg5 h6 10. Bxf6 Bxf6 11. Qd2 Qb6 12. Nc3 Qd8 13. Rab1 O-O 14. Nb5
a6 15. Nd6 Qe7 16. Rfd1 Nd4 17. Nxd4 Bxd4 18. Nxc8 Raxc8 19. e3 Be5 20. Qxd7
Qxd7 21. Rxd7 Rc7 22. Rxc7 Bxc7 23. Bxb7 a5 24. Rd1 Rb8 25. Bc6 Rxb2 26. a4
Kh7 27. Rd7 Be5 28. Be4+ Kg8 29. Bg6 Bf6 30. e4 Kf8 31. Rc7 Bd4 32. Rf7+ Kg8
33. h4 Rc2 34. Kf1 Rxc4 35. f4 Rxa4 36. Re7 Kf8 37. Re8# {Black checkmated}
1-0

[Event "ICC tourney 2816 (20 5)"]
[Site "Internet Chess Club"]
[Date "2022.02.05"]
[Round "5"]
[White "SUNDARAM, KAVIN:weirdchicken"]
[Black "ASHOK, AMUDHAN:amudhanashok"]
[Result "1-0"]
[ICCResult "Black checkmated"]
[WhiteElo "882"]
[BlackElo "963"]
[Opening "Giuoco Pianissimo"]
[ECO "C50"]
[NIC "IG.02"]
[Time "17:00:27"]
[PlyCount "119"]
[TimeControl "1200+5"]

1. e4 e5 2. Nf3 Nc6 3. Bc4 Bc5 4. d3 Nf6 5. Be3 Bb6 6. Nc3 O-O 7. O-O h6 8.
Bd5 d6 9. Qd2 Be6 10. Nh4 Re8 11. f4 Nxe4 12. dxe4 Qxh4 13. fxe5 dxe5 14.
Kh1 Rad8 15. Qf2 Qxf2 16. Bxf2 Bxf2 17. Rxf2 Bxd5 18. Nxd5 Rc8 19. Raf1 f6
20. Rf3 Nd4 21. Rg3 Nxc2 22. Nxf6+ Kh8 23. Nxe8 Rxe8 24. Rc3 Nd4 25. Rxc7
Rb8 26. Rff7 Nb5 27. Rxb7 Rc8 28. h3 Nd6 29. Rfc7 Rf8 30. Rb3 Rf1+ 31. Kh2
Nxe4 32. Re3 Nf2 33. Rxe5 Rh1+ 34. Kg3 Nd3 35. Rb5 Ne1 36. Rc1 Rg1 37. Kf2
Nd3+ 38. Kxg1 Nxc1 39. Ra5 Nd3 40. b3 Nb2 41. Rxa7 Nd3 42. Rc7 Nb4 43. Kf2
Nxa2 44. Rc4 Kh7 45. b4 Nxb4 46. Rxb4 h5 47. Kf3 g6 48. Kf4 Kh6 49. Rb6 Kh7
50. Kg5 Kg7 51. Rxg6+ Kf7 52. Kxh5 Ke7 53. Kg5 Kd7 54. h4 Ke7 55. h5 Kf7 56.
h6 Kf8 57. h7 Kf7 58. h8=Q Ke7 59. Qh7+ Kf8 60. Rg8# {Black checkmated} 1-0

[Event "ICC tourney 2816 (20 5)"]
[Site "Internet Chess Club"]
[Date "2022.02.05"]
[Round "5"]
[White "WUDALI, PRANAV AVYAI:Pwudali"]
[Black "ANAND VISWANATHAN:EmergingStar"]
[Result "0-1"]
[ICCResult "White checkmated"]
[WhiteElo "834"]
[BlackElo "1023"]
[Opening "Queen's pawn, Mason variation"]
[ECO "D00"]
[NIC "QP.08"]
[Time "17:00:27"]
[PlyCount "132"]
[TimeControl "1200+5"]

1. d4 d5 2. Bf4 Nc6 3. Nf3 Bg4 4. h3 Bxf3 5. exf3 e6 6. Bd3 Bd6 7. Be3 Nf6
8. Nc3 h6 9. O-O Qd7 10. Qd2 a6 11. Bf4 Nxd4 12. Bxd6 Qxd6 13. Qe3 Nc6 14.
Rad1 d4 15. Qe1 dxc3 16. Qxc3 O-O-O 17. Be2 Qb4 18. Qe3 Rxd1 19. Rxd1 Qxb2
20. Bd3 Qxa2 21. f4 Nd5 22. Qg3 Qb2 23. f5 Qe5 24. Qf3 Nd4 25. Qg4 exf5 26.
Bxf5+ Qxf5 27. Qxd4 c6 28. Qxg7 Qf6 29. Qg4+ Kc7 30. c4 Nb6 31. c5 Nd5 32.
Qg3+ Qf4 33. Qb3 Re8 34. Rb1 Rb8 35. Re1 b6 36. cxb6+ Rxb6 37. Qd3 Rb2 38.
Rf1 Nb4 39. Qc3 Rc2 40. Qa3 Kb6 41. Qb3 Rc1 42. Rxc1 Qxc1+ 43. Kh2 Qf4+ 44.
Kh1 a5 45. Qd1 Qxf2 46. Qd8+ Kb5 47. Qb8+ Qb6 48. Qe5+ c5 49. Qe8+ Nc6 50.
Qe2+ c4 51. Qb2+ Ka6 52. Qc3 Qd4 53. Qf3 Qa1+ 54. Kh2 Qe5+ 55. Kh1 Qc5 56.
Qg4 c3 57. Qc8+ Kb5 58. Qg4 c2 59. Qe2+ Qc4 60. Qh5+ Kb4 61. Kh2 c1=Q 62.
Qf3 Q1f4+ 63. Kg1 Qcc1+ 64. Qf1 Qfxf1+ 65. Kh2 Qcf4+ 66. g3 Q4f2#
{White checkmated}
0-1

[Event "ICC tourney 2816 (20 5)"]
[Site "Internet Chess Club"]
[Date "2022.02.05"]
[Round "5"]
[White "GAW, CHRISTIAN:cman-g"]
[Black "ASADI MORALES, KOROUSH OME:KoroushOme"]
[Result "0-1"]
[ICCResult "White checkmated"]
[WhiteElo "979"]
[BlackElo "863"]
[Opening "Sicilian defense"]
[ECO "B44"]
[NIC "SI.39"]
[Time "17:02:29"]
[PlyCount "146"]
[TimeControl "1200+5"]

1. e4 c5 2. Nf3 e6 3. d4 cxd4 4. Nxd4 Nc6 5. Nf3 Qc7 6. Bc4 a6 7. O-O b5 8.
Bd3 Nf6 9. Be3 Bb7 10. Nbd2 Bd6 11. Re1 Ne5 12. Nxe5 Bxe5 13. c3 Bxh2+ 14.
Kh1 Bd6 15. Nf3 Ng4 16. g3 h5 17. Nh2 Nxh2 18. Kxh2 h4 19. Kg2 hxg3 20. fxg3
Bxg3 21. Rh1 Rh2+ 22. Rxh2 Bxh2 23. Qh1 Qg3+ 24. Kf1 Qxe3 25. Qxh2 Qxd3+ 26.
Ke1 Qxe4+ 27. Kf1 Qd3+ 28. Qe2 Bg2+ 29. Kf2 Qh3 30. Qe3 Qh2 31. Qg3 Qxg3+
32. Kxg3 Bd5 33. b3 Rc8 34. Rc1 b4 35. c4 Be4 36. Re1 Bf5 37. Rh1 Ke7 38.
Kf4 Rc5 39. Re1 Bg6 40. Ke3 Re5+ 41. Kd2 Rxe1 42. Kxe1 Bb1 43. Kd1 Bxa2 44.
Kc2 Bxb3+ 45. Kxb3 g5 46. Kc2 g4 47. Kd3 b3 48. c5 b2 49. Kc2 g3 50. Kxb2 g2
51. Kc3 g1=B 52. Kc4 a5 53. Kb5 Bxc5 54. Kxc5 f5 55. Kb5 f4 56. Kxa5 f3 57.
Kb4 f2 58. Kc3 f1=Q 59. Kd2 e5 60. Ke3 d5 61. Kd2 Qf2+ 62. Kd3 e4+ 63. Kc3
d4+ 64. Kc4 d3 65. Kc3 d2 66. Kc2 e3 67. Kd1 e2+ 68. Kxd2 e1=R+ 69. Kd3 Re3+
70. Kd4 Qd2+ 71. Kc4 Rc3+ 72. Kb5 Qb2+ 73. Ka5 Ra3# {White checkmated} 0-1

[Event "ICC tourney 2816 (20 5)"]
[Site "Internet Chess Club"]
[Date "2022.02.05"]
[Round "5"]
[White "BIRUDAVOLU, SATHVIK:Vikki24"]
[Black "GAW, ZACHARY:zman-g"]
[Result "1-0"]
[ICCResult "Black checkmated"]
[WhiteElo "1023"]
[BlackElo "1013"]
[Opening "Giuoco Pianissimo: Italian four knights variation"]
[ECO "C50"]
[NIC "IG.02"]
[Time "17:00:04"]
[PlyCount "89"]
[TimeControl "1200+5"]

1. e4 e5 2. Nf3 Nc6 3. Bc4 Bc5 4. Nc3 Nf6 5. d3 h6 6. O-O d6 7. h3 O-O 8.
Be3 Bb6 9. Qd2 Be6 10. Bb3 Qd7 11. Rfe1 Rad8 12. Rad1 Rfe8 13. Bxb6 axb6 14.
Bc4 Bxc4 15. dxc4 Qe6 16. Nd5 Nxd5 17. cxd5 Qg6 18. dxc6 bxc6 19. Qc3 c5 20.
b4 cxb4 21. Qxc7 Rc8 22. Qxd6 Re6 23. Qxb4 Rf6 24. Nxe5 Qg5 25. Nd7 Rg6 26.
g3 Qh5 27. Kh2 Qf3 28. Rd2 Qh5 29. Rd5 Qf3 30. Rf5 Qc3 31. Qe7 Qxc2 32.
Qxf7+ Kh7 33. Nf8+ Rxf8 34. Qxf8 Qxa2 35. e5 Qc2 36. Rf3 Qc6 37. Qf5 Qe6 38.
Qxe6 Rxe6 39. Rd3 Kg6 40. Rd6 Rxd6 41. exd6 Kf5 42. d7 b5 43. d8=Q b4 44.
Qd6 b3 45. Re5# {Black checkmated} 1-0